General information
	        
			
        
        - name: BNet
 
        - type: Ladder 1vs1/FFA
 
        - host: Battle.net
 
        - saver: IPRACTICE2SUCK
 
        
map: SecretValley 
        - players: 2
 
        - length: 24:22
 
        - speed: Fast
 - version: 1.22 W3XP
 - replay type:  Public
 
» download(122 KB)
Players
        team 1 (winner) 
              
              
IPRACTICE2SUCK (
teal | 239 APM | 5821 actions | 24:22)
              
 5 Death Knight 
 3 Death Coil
 2 Unholy Aura
 4 Naga Sea Witch 
 2 Frost Arrows
 2 Forked Lightning
 3 Lich 
 2 Frost Nova
 1 Dark Ritual
 
                » actions 
                
                | Assign group hotkey | 65 |  | 
| Basic commands | 138 |  | 
| Build / train | 105 |  | 
| Enter build submenu | 18 |  | 
| Enter hero's abilities submenu | 14 |  | 
| Give item / drop item | 9 |  | 
| Remove unit from queue | 9 |  | 
| Right click | 2109 |  | 
| Select / deselect | 710 |  | 
| Select group hotkey | 2506 |  | 
| Use ability | 135 |  | 
                5821 total
 » units 
                
                | Acolyte | 8 |  | 
| Ghoul | 15 |  | 
| Crypt Fiend | 5 |  | 
| Obsidian Statue | 3 |  | 
| Abomination | 5 |  | 
| Meatwagon | 3 |  | 
| Frost Wyrm | 2 |  | 
                41 total
 » upgrades
                
                | Destroyer Form | 1 |  | 
| Disease Cloud | 1 |  | 
| Creature Attack | 0 |  | 
| Unholy Strength | 1 |  | 
                3 total
 » buildings
                
                | Crypt | 1 |  | 
| Altar of Darkness | 1 |  | 
| Ziggurat | 7 |  | 
| Tomb of Relics | 1 |  | 
| Halls of the Dead | 3 |  | 
| Graveyard | 1 |  | 
| Slaughterhouse | 2 |  | 
| Black Citadel | 3 |  | 
| Sacrificial Pit | 1 |  | 
| Boneyard | 1 |  | 
                21 total
 » build order
                00:05 Crypt
00:06 Altar of Darkness
00:24 Ziggurat
01:05 Tomb of Relics
01:25 Ziggurat
03:57 Halls of the Dead
03:57 Halls of the Dead
04:18 Graveyard
04:58 Ziggurat
06:21 Slaughterhouse
06:49 Black Citadel
07:20 Ziggurat
12:13 Slaughterhouse
12:15 Ziggurat
15:30 Sacrificial Pit
16:28 Boneyard
17:07 Ziggurat
17:45 Ziggurat
» items
                
                | Rod of Necromancy | 2 |  | 
| Dust of Appearance | 1 |  | 
| Orb of Corruption | 1 |  | 
| Potion of Lesser Invulnerability | 1 |  | 
| Potion of Healing | 1 |  | 
| Scroll of Healing | 6 |  | 
                12 total
  
               team 2 (loser) 
              
              
Lado.Dota2 (
purple | 156 APM | 3798 actions | 24:21)
              
 5 Beastmaster 
 3 Summon Quilbeast
 2 Summon Hawk
 4 Naga Sea Witch 
 2 Frost Arrows
 2 Forked Lightning
 
                » actions 
                
                | Assign group hotkey | 59 |  | 
| Basic commands | 61 |  | 
| Build / train | 83 |  | 
| ESC pressed | 6 |  | 
| Enter build submenu | 26 |  | 
| Enter hero's abilities submenu | 9 |  | 
| Give item / drop item | 7 |  | 
| Remove unit from queue | 3 |  | 
| Right click | 1532 |  | 
| Select / deselect | 516 |  | 
| Select group hotkey | 1368 |  | 
| Use ability | 128 |  | 
                3798 total
 » units 
                
                | Wisp | 25 |  | 
| Archer | 6 |  | 
| Dryad | 10 |  | 
| Druid of the Claw | 6 |  | 
                47 total
 » upgrades
                
                | Abolish Magic | 1 |  | 
| Strength of the Wild | 2 |  | 
| Druid of the Claw Training | 2 |  | 
| Nature's Blessing | 1 |  | 
                6 total
 » buildings
                
                | Ancient of War | 1 |  | 
| Moon Well | 8 |  | 
| Altar of Elders | 1 |  | 
| Tree of Life | 4 |  | 
| Tree of Ages | 1 |  | 
| Hunter's Hall | 2 |  | 
| Ancient Protector | 1 |  | 
| Ancient of Wonders | 2 |  | 
| Ancient of Lore | 5 |  | 
| Tree of Eternity | 1 |  | 
                26 total
 » build order
                00:16 Ancient of War
00:31 Moon Well
01:12 Altar of Elders
01:20 Moon Well
03:05 Tree of Life
03:08 Tree of Life
03:47 Tree of Ages
04:15 Hunter's Hall
04:50 Hunter's Hall
05:04 Moon Well
05:27 Ancient Protector
05:45 Ancient of Wonders
06:12 Ancient of Lore
06:13 Ancient of Lore
06:17 Ancient of Lore
07:09 Ancient of Lore
07:55 Ancient of Lore
09:02 Ancient of Wonders
09:49 Moon Well
11:21 Tree of Eternity
11:26 Moon Well
11:56 Moon Well
15:04 Moon Well
15:38 Moon Well
16:46 Tree of Life
18:48 Tree of Life
» items
                
                | Scroll of Healing | 3 |  | 
| Lesser Clarity Potion | 4 |  | 
| Staff of Preservation | 1 |  | 
| Potion of Healing | 1 |  | 
| Scroll of Town Portal | 1 |  | 
| Potion of Lesser Invulnerability | 1 |  | 
                11 total
  
                Chat log
          (00:08 / All) IPRACTICE2SUCK: haha lado
(00:10 / All) IPRACTICE2SUCK: nice nam,e
(00:12 / All) Lado.Dota2: :P
(00:20 / All) Lado.Dota2: thanks
(00:24 / All) Lado.Dota2: i got lado.dota banned
(00:25 / All) Lado.Dota2: i need another
(00:31 / All) IPRACTICE2SUCK: how many wins
(00:36 / All) IPRACTICE2SUCK: till icon
(00:37 / All) Lado.Dota2: i just got 25
(00:40 / All) Lado.Dota2: im still playin tho 
(00:49 / All) Lado.Dota2: cause im streaming this game live
(00:52 / All) Lado.Dota2: so some people are watching me
(01:00 / All) IPRACTICE2SUCK: what?
(01:09 / All) Lado.Dota2: im streaming it
(01:14 / All) IPRACTICE2SUCK: Wagh?
(01:17 / All) Lado.Dota2: on my webcam
(01:18 / All) IPRACTICE2SUCK: or private
(01:28 / All) IPRACTICE2SUCK: team msy watching
(01:29 / All) IPRACTICE2SUCK: ?
(24:19 / All) Lado.Dota2: gg
(24:21 / All) IPRACTICE2SUCK: Gg